 Dungeon Crawl Stone Soup version 0.29-a0-648-g6b26cc9f40 (webtiles) character file.

Game seed: 17888337446362159442

114 spaghetti the Covered (level 4, 0/34 HPs)
             Began as a Vine Stalker Fighter on June 21, 2022.
             Was a Follower of Okawaru.
             Killed from afar by Natasha (7 damage)
             ... with a bolt of dispelling energy
             ... on level 2 of the Dungeon.
             The game lasted 00:02:42 (1304 turns).

spaghetti the Covered (Vine Stalker Fighter)        Turns: 1304, Time: 00:02:43

Health: 0/34       AC:  6    Str: 21    XL:     4   Next: 97%
Magic:  0/5        EV: 10    Int:  8    God:    Okawaru [*.....]
Gold:   142        SH:  4    Dex: 13    Spells: 3/3 levels left

rFire   . . .      SeeInvis .   a - +0 war axe {axe}
rCold   . . .      Faith    .   c - +0 buckler
rNeg    . . .      Spirit   +   b - +0 scale mail
rPois   .          Reflect  .   (no helmet)
rElec   .          Harm     .   (no cloak)
rCorr   .          Rampage  .   (no gloves)
Will    .....                   (no boots)
Stlth   ..........              (no amulet)
HPRegen 0.91/turn               (no ring)
MPRegen 0.09/turn               (no ring)

@: berserking, very quick
A: fangs 2, regeneration 1, magic shield, antimagic bite, no potion heal 2
a: Renounce Religion, Heroism


You were on level 2 of the Dungeon.
You worshipped Okawaru.
Okawaru was aware of your devotion.
You visited 1 branch of the dungeon, and saw 2 of its levels.

You collected 142 gold pieces.


Innate Abilities, Weirdness & Mutations

You have extremely sharp teeth.
Your natural rate of healing is unusually fast.
When hurt, damage is shared between your health and your magic reserves.
Your bite disrupts and absorbs the magic of your enemies.
Potions cannot restore your health.


   Skills:
 - Level 2.6 Fighting
 - Level 1.7 Axes
 + Level 3.5 Armour
 + Level 2.3 Dodging
 - Level 3.0 Shields


You had 3 spell levels left.
You didn't know any spells.
Your spell library contained the following spells:

 Spells                   Type           Power      Damage    Failure   Level
 Sandblast                Erth           0%         2d4       83%         1
 Passwall                 Tmut/Erth      0%         N/A       93%         2
 Portal Projectile        Hex/Tloc       0%         N/A       99%         3
 Stone Arrow              Conj/Erth      0%         3d7       99%         3
 Leda's Liquefaction      Hex/Erth       0%         N/A       100%        4
 Call Canine Familiar     Summ           Unusable   N/A       N/A         3

Inventory:

Hand Weapons
 a - a +0 war axe (weapon) {axe}
Missiles
 f - 16 stones (quivered) {throwing}
 g - 4 silver boomerangs {throwing}
 i - 4 boomerangs {throwing}
Armour
 b - a +0 scale mail (worn)
 c - a +0 buckler (worn)
Scrolls
 h - a scroll of identify {unknown}
 k - a scroll of enchant weapon {unknown}
Potions
 d - 2 potions of curing {unknown}
 j - a potion of mutation {unknown}

Dungeon Overview and Level Annotations

Branches:
Dungeon (2/15) Zot: 10656

Altars:
Okawaru

Annotations:
D:2 Natasha

...........###....
.......†...###.... #####
#.#....)...#......
.....##.#.......>.......
...=....................
........###.............
$.......# ###....#......
h.......#####....#......
.......@.†..............
..........###...##.#.>..
......#.....###.........
.....###.##..# ##.......
##### #.# #.# ##.##...
... ... ... .... ### ...
..... ..


You could see Natasha.


Message History

😕 HP[-4] MP[-1]
You take 4 damage, and now have 19/23 hp.
You lost 1 mp, and now have 4/5 mp.
You barely miss Terence. You bite Terence. You drain his power.
You feel invigorated.
Terence hits you with a +0 falchion. 😮 HP[-2]
You take 2 damage, and now have 17/23 hp.
Unknown command.
You closely miss Terence. You bite Terence. You drain his power.
You feel invigorated. Terence hits you but does no damage.
You block the adder's attack. 😕 HP[+1] MP[+1]
Your mp is fully restored (5).
You closely miss Terence. You miss the adder.
The adder bites you but does no damage.
Terence hits you with a +0 falchion. 😕 MP[-1]
You lost 1 mp, and now have 4/5 mp.
You slice Terence!!
You kill Terence!
Okawaru accepts your kill.
You closely miss the adder. You block the adder's attack.
The adder bites you but does no damage.
Your base Dodging skill increases to level 2! 😕 HP[+1]
You slash the adder!
You feel like a meek peon again. The adder barely misses you. 😕 HP[+1]
You closely miss the adder. Your bite misses the adder.
The adder bites you but does no damage. The adder closely misses you. 😕 HP[+1]
You barely miss the adder. The adder barely misses you.
The adder bites you but does no damage. 😎 HP[+2]
Your hp is fully restored (23).
You miss the adder. Your bite misses the adder. The adder bites you.
You are poisoned.
The adder poisons you!
The adder bites you but does no damage. 😕 HP[-2] MP[-1]
You take 2 damage, and now have 21/23 hp.
You lost 1 mp, and now have 3/5 mp.
You hit the adder.
You kill the adder!
Okawaru accepts your kill.
You feel very sick. 😕 HP[-2]
You take 2 damage, and now have 19/23 hp.
You feel sick.
You see here an adder corpse.
You feel sick.
You feel sick.
You feel sick.
You feel sick.
You are no longer poisoned.
Things that are here:
a +0 falchion {long}; a +0 scale mail; 😎 HP[+4] MP[+2]
Your hp is fully restored (23).
Your mp is fully restored (5).
You now have 117 gold pieces (gained 8).
You now have 126 gold pieces (gained 9).
You now have 137 gold pieces (gained 11).
An adder comes into view.
The adder hisses angrily.
An adder is nearby!
An adder is nearby!
You miss the adder. Your bite misses the adder. The adder closely misses you.
You block the adder's attack.
You closely miss the adder. Your bite misses the adder.
The adder closely misses you. The adder barely misses you.
You hit the adder. You bite the adder. You drain its power.
The adder closely misses you. You block the adder's attack.
You slash the adder!
You kill the adder!
Okawaru accepts your kill.
No target in view!
No target in view!
No target in view!
No target in view!
No target in view!
Unknown command.
Unknown command.
You see here an adder corpse.
You now have 142 gold pieces (gained 5).
Natasha, Servant of Life and Death comes into view.
She is carrying a wand of quicksilver (9).
Natasha zaps a wand.
The bolt of dispelling energy hits you!!
Ouch! That really hurt!
* * * LOW HITPOINT WARNING * * *
😱 HP[-19] MP[-3]
You take 19 damage, and now have 4/23 hp.
MASSIVE DAMAGE!! (PAUSE)
You lost 3 mp, and now have 2/5 mp.
You aren't carrying any items that you can evoke.
Okay, then.
You are too injured to fight recklessly!
It was a potion of berserk rage.
A red film seems to cover your vision as you go berserk!
You feel yourself moving faster!
You feel mighty!
Natasha zaps a wand.
The bolt of dispelling energy hits you!
You die...

Skill      XL: |  1  2  3  4 |
---------------+-------------+-----
Shields        | 3 |  3.0
Dodging        | 1 2 |  2.3
Armour         | 3 |  3.5
Fighting       | |  2.6
Axes           | |  1.7

Action                   |  1- 3 |  4- 6 || total
-------------------------+-------+-------++-------
Melee: War axe           |    68 |    26 ||    94
       Bite              |    11 |     6 ||    17
Invok: Heroism           |     2 |     1 ||     3
  Use: Potion            |     1 |     1 ||     2
Armor: Scale mail        |    30 |    14 ||    44
Dodge: Dodged            |    32 |    16 ||    48
Block: Buckler           |    12 |    10 ||    22

Levels and vault maps discovered:
D:1:      lemuel_arrival_rhombus, layout_loops_corners,
          shapermc_ecumenical_altar_starsandcircs
D:2:      minmay_spotlight, layout_rooms, minmay_split_cup_small, uniq_natasha,
          uniq_crazy_yiuf_cottage, uniq_terence, uniq_robin

Notes
Turn   | Place    | Note
-------+----------+-------------------------------------------
     0 | D:1      | spaghetti the Vine Stalker Fighter began the quest for the
                  | Orb.
     0 | D:1      | Reached XP level 1. HP: 11/11 MP: 2/2
     0 | D:1      | magus.rc [v1.9.6]
   129 | D:1      | You pick up a book of the Hunter and begin reading...
   129 | D:1      | You add the spells Call Canine Familiar, Portal Projectile
                  | and Leda's Liquefaction to your library.
   227 | D:1      | Reached XP level 2. HP: 14/16 MP: 1/3
   357 | D:1      | Found a faded altar of an unknown god.
   422 | D:1      | Prayed at the altar of an unknown god.
   422 | D:1      | Became a worshipper of Warmaster Okawaru
   422 | D:1      | Reached * piety under Okawaru
   484 | D:1      | Reached skill level 3 in Shields
   670 | D:1      | Reached skill level 1 in Dodging
   834 | D:1      | Reached XP level 3. HP: 19/19 MP: 4/4
   906 | D:1      | You pick up a book of Geomancy and begin reading...
   906 | D:1      | You add the spells Sandblast, Passwall and Stone Arrow to
                  | your library.
  1114 | D:2      | Reached skill level 3 in Armour
  1166 | D:2      | Gained mutation: Your natural rate of healing is unusually
                  | fast. [Vine Stalker growth]
  1166 | D:2      | Reached XP level 4. HP: 9/23 MP: 2/5
  1245 | D:2      | Noticed Terence
  1254 | D:2      | Killed Terence
  1255 | D:2      | Reached skill level 2 in Dodging
  1303 | D:2      | Noticed Natasha
  1303 | D:2      | HP: 4/23 [Natasha/bolt of dispelling energy (19)]
  1304 | D:2      | Killed from afar by Natasha

Vanquished Creatures
  Terence (D:2)
  A gnoll (D:2)
  4 adders (D:2)
  2 dart slugs (D:1)
  7 ball pythons
  2 endoplasms (D:1)
  A giant cockroach (D:1)
  5 hobgoblins
  A quokka (D:1)
  2 bats (D:2)
  2 frilled lizards
  A goblin (D:2)
  6 kobolds
  6 rats
41 creatures vanquished.

Table legend:
 A = Non-vault XP
 B = Vault XP
 C = Vault XP percentage of total XP
 D = Non-vault monster count
 E = Vault monster count
 F = Vault count percentage of total count
                 A         B        C        D         E       F
            +---------+---------+-------+---------+---------+-------
      Total |     110 |      53 |  32.5 |      37 |       4 |   9.8
            +---------+---------+-------+---------+---------+-------
        D:1 |      45 |       0 |   0.0 |      25 |       0 |   0.0
        D:2 |      65 |      53 |  44.9 |      12 |       4 |  25.0
            +---------+---------+-------+---------+---------+-------

Illustrated notes

Table legend:
 A = Kills in this place as a percentage of kills in entire the game.
 B = Kills by you in this place as a percentage of kills by you in the entire game.
 C = Kills by friends in this place as a percentage of kills by friends in the entire game.
 D = Other kills in this place as a percentage of other kills in the entire game.
 E = Experience gained in this place as a percentage of experience gained in the entire game.
 F = Experience gained in this place divided by the number of levels of this place that you have seen.
                   A       B       C       D       E      F
               +-------+-------+-------+-------+-------+----------------------
         Total | 100.0 | 100.0 |   N/A |   N/A | 100.0 |  81.5
       Dungeon | 100.0 | 100.0 |   N/A |   N/A | 100.0 |  81.5
               +-------+-------+-------+-------+-------+----------------------

Table legend: (Time is in decaauts)
 A = Elapsed time spent in this place.
 B = Non-inter-level travel time spent in this place.
 C = Inter-level travel time spent in this place.
 D = Time resting spent in this place.
 E = Time spent auto-exploring this place.
 F = Levels seen in this place.
 G = Mean time per level.
                   A        B        C        D        E       F      G
               +--------+--------+--------+--------+--------+-----+--------+
         Total |   1342 |   1301 |     41 |      4 |   1046 |   2 |  671.0 |
       Dungeon |   1342 |   1301 |     41 |      4 |   1046 |   2 |  671.0 |
               +--------+--------+--------+--------+--------+-----+--------+

Top non-repeatable levels by time:
     D:1: 1128 daAuts
     D:2: 214 daAuts
